Unix NetHack Version 5.0.0-0 post-release - last build May  4 2026 22:22:43 (774f63e81ad911689b3a0859ea89b322d5daca8d,branch:main).

Game began 2026-05-07 11:29:33, ended 2026-05-07 13:48:52.

BSL2425737, lawful female dwarven Valkyrie

                                   --
                                 ---.---
                                --%....|
                                |......----
                                |.........| ---
                                 -........---.--     |
                                 |.............|    .|
                                --.............---..-
                                |......--...........-
                                --.....---....)<....`            -----------
                                 |.........................................-
                                 --....--........-------------
                                  |....f@.---..---
                                  --.....-- --..
                                  |..-*---   --..
                                 ......|       -..
                               .......--        -...
                             ......---            ...
                           .... |.-               ....
                          ----- --                --.-
                                                    --
BSL2425737 the Skirmisher   St:18/02 Dx:13 Co:19 In:7 Wi:8 Ch:9  Lawful
Dlvl:6  $:69 HP:0(33) Pw:3(3) AC:6  Xp:3 T:1425 

Latest messages:
 In what direction? 2
 The dart misses the gnomish wizard.
 You see here a dart.
 What do you want to throw? [$bm or ?*] *
 In what direction? 3
 The dart hits the gnome.
 The gnome gets angry!
 The gnomish wizard turns to flee.
 The gnome hits!
 You kill the gnome!
 You don't find anything here to loot.
 g - 6 arrows.
 What do you want to throw? [$bgm or ?*] *
 In what direction? 9
 You aren't wielding a bow, so you throw your arrow by hand.
 The arrow misses the gnome.
 The gnome gets angry!
 You miss the gnome.
 The gnome hits!
 You kill the gnome!
 Click!  You trigger a rolling boulder trap!
 You are hit by a boulder.
 You have a little trouble lifting 2 eggs.  Continue? [ynq] (q) n
 Your gecko corpse rots away.
 You descend the stairs.
 What do you want to throw? [$bgm or ?*] *
 In what direction? 4
 You kill the gnome!
 The kitten bites!
 The kitten bites!
 The kitten bites!
 The kitten bites!
 You miss the kitten.
 The kitten bites!
 You miss the kitten.
 The kitten bites!
 The kitten bites!
 The kitten bites!
 What do you want to wield? [- abgm or ?*] *
 You are already wielding that!
 You miss the kitten.
 The kitten bites!
 The kitten misses!
 The kitten bites!
 You die...
 Do you want your possessions identified? [ynq] (y) y
 Do you want to see your attributes? [ynq] (y) y
 Do you want an account of creatures vanquished? [ynaq] (y) y
 Do you want to see your conduct and achievements? [ynq] (y) y
 Do you want to see the dungeon overview? [ynq] (y) y

Inventory:
 Coins    ('$')
  $ - 69 gold pieces
 Weapons  (')')
  g - 5 +0 arrows
  m - 3 +0 darts
  b - a +0 dagger (alternate weapon; not wielded)
  a - a +1 dwarvish spear (weapon in right hand)
 Armor    ('[')
  c - an uncursed +3 small shield (being worn)
 Comestibles  ('%')
  l - an uncursed tin of french fried newt meat
 Potions  ('!')
  k - a blessed potion of gain level
  j - an uncursed potion of healing
  f - an uncursed potion of speed
 Rings    ('=')
  e - a cursed -1 ring of gain constitution
 Tools    ('(')
  h - an uncursed locked large box containing 4 items
 Boulders/Statues  ('`')
  i - an empty uncursed statue of a fox

Contents of the large box:
  an uncursed food ration
  an uncursed scroll of enchant weapon
  an uncursed scroll of gold detection
  an uncursed worthless piece of orange glass

BSL2425737 the Valkyrie's attributes:

Background:
 You were a Skirmisher, a level 3 dwarven Valkyrie.
 You were lawful, nominally on a mission for Tyr
 who was opposed by Odin (neutral) and Loki (chaotic).
 You were right-handed.
 You were in the Gnomish Mines, on level 6.
 You entered the dungeon 1425 turns ago.
 You had 75 experience points, 5 more were needed to attain level 4.

Basics:
 You had 0 out of 33 hit points.
 You had all 3 energy points (spell power).
 Your armor class was 6.
 Your wallet contained 69 zorkmids.
 Autopickup was off.

Final Characteristics:
 Your strength was 18/02 (limit:18/100).
 Your dexterity was 13 (limit:20).
 Your constitution was 19 (limit:20).
 Your intelligence was 7 (limit:16).
 Your wisdom was 8 (limit:16).
 Your charisma was 9 (limit:16).

Final Status:
 You weren't hungry.
 You were unencumbered.
 You were wielding a spear.
 You had basic skill with spear.

Final Attributes:
 You were aligned.
 You were cold resistant.
 You had infravision.
 You were stealthy.
 You were unlucky.
 You are dead.

Miscellaneous:
 You didn't encounter any bones levels.
 Total elapsed playing time was 45 minutes and 59 seconds.

Major events:
 Turn
    1: BSL2425737 the lawful dwarven Valkyrie entered the dungeon
  906: attained the rank of Skirmisher (level 3)
 1164: entered the Gnomish Mines
 1425: killed by a kitten

You didn't know any spells.

Skills:
 Fighting Skills
   bare handed combat [Unskilled]
   two weapon combat  [Unskilled]
   riding             [Unskilled]
 Weapon Skills
   dagger             [Basic]
   axe                [Unskilled]
   pick-axe           [Unskilled]
   short sword        [Unskilled]
   broadsword         [Unskilled]
   long sword         [Unskilled]
   two-handed sword   [Unskilled]
   saber              [Unskilled]
   hammer             [Unskilled]
   quarterstaff       [Unskilled]
   polearms           [Unskilled]
   spear              [Basic]
   trident            [Unskilled]
   lance              [Unskilled]
   sling              [Unskilled]
 Spellcasting Skills
   attack spells      [Unskilled]
   escape spells      [Unskilled]

Voluntary challenges:
 Character rerolling was not enabled.
 You followed a strict vegan diet.
 You were an atheist.
 You were illiterate.
 You never genocided any monsters.
 You never polymorphed an object.
 You never changed form.
 You used no wishes.
Achievements:
 You entered a shop.
 You attained the rank of Skirmisher.
 You entered the Gnomish Mines.

 The Dungeons of Doom: levels 1 to 4
    Level 1:
    Level 2:
       A general store, a fountain.
    Level 3:
       An armor shop.
    Level 4:
       A fountain.
       Stairs down to The Gnomish Mines.
 The Gnomish Mines: levels 5 to 6
    Level 5:
    Level 6: <- You were here.
       Final resting place for
          you, killed by a kitten.


Vanquished creatures:
  a gnome leader
 an iguana
  a gas spore
  a yellow mold
  4 gnomes
  a gecko
  3 jackals
  a fox
  a kobold
  a sewer rat
  2 grid bugs
  a bat
  2 lichens
  a kobold zombie
  7 newts
28 creatures vanquished.

No species were genocided or became extinct.

Game over:
                       ----------
                      /          \
                     /    REST    \
                    /      IN      \
                   /     PEACE      \
                  /                  \
                  |    BSL2425737    |
                  |      69 Au       |
                  |   killed by a    |
                  |      kitten      |
                  |                  |
                  |                  |
                  |       2026       |
                 *|     *  *  *      | *
        _________)/\\_//(\/(/\)/\//\/|_)_______

Farvel BSL2425737 the Valkyrie...

You died in The Gnomish Mines on dungeon level 6 with 613 points,
and 69 pieces of gold, after 1425 moves.
You were level 3 with a maximum of 33 hit points when you died.

